 Dungeon Crawl Stone Soup version 0.20.1-1-g8b1a95d (webtiles) character file.

757 biehler the Chopper (level 7, -5/60 HPs)
             Began as a Minotaur Abyssal Knight on Oct 24, 2017.
             Was a Believer of Lugonu.
             Slain by an ogre
             ... wielding a +0 giant club
              (10 damage)
             ... on level 4 of the Dungeon on Oct 25, 2017.
             The game lasted 00:40:11 (4020 turns).

biehler the Chopper (Minotaur Abyssal Knight)       Turns: 4020, Time: 00:40:12

Health: -5/60      AC: 13    Str: 18    XL:     7   Next: 50%
Magic:  7/7        EV:  8    Int:  9    God:    Lugonu [**....]
Gold:   179        SH:  0    Dex: 10    Spells: 6/6 levels left

rFire    . . .     SeeInvis .   t - +3 flail (holy)
rCold    . . .     Gourm    .   (no shield)
rNeg     . . .     Faith    .   F - +0 chain mail
rPois    +         Spirit   .   (helmet restricted)
rElec    .         Reflect  .   D - +1 cloak
rCorr    .         Harm     .   j - +0 pair of gloves
MR       .....                  (no boots)
Stlth    ..........             (no amulet)
Regen    0.2/turn               x - ring of poison resistance
MPRegen  0.1/turn               (no ring)

@: no status effects
A: retaliatory headbutt, horns 2
a: Depart the Abyss, Bend Space, Renounce Religion


You were on level 4 of the Dungeon.
You worshipped Lugonu.
Lugonu was pleased with you.
You were very hungry.

You visited 1 branch of the dungeon, and saw 4 of its levels.
You visited the Abyss 1 time.
You also visited: Ossuary.

You collected 179 gold pieces.

Inventory:

Hand Weapons
 a - a +1 hand axe
 i - a +0 hand axe of flaming
 l - a +0 blowgun
 t - a +3 flail of holy wrath (weapon)
 y - a +0 dagger
 C - a +4 quarterstaff of chaos
Missiles
 e - 3 poisoned javelins (quivered)
 f - 19 arrows
 p - 50 stones
 q - 37 sling bullets
 w - 13 poisoned needles
Armour
 j - a +0 pair of gloves (worn)
 D - a +1 cloak (worn)
 F - a +0 chain mail (worn)
Jewellery
 x - a ring of poison resistance (left hand)
Scrolls
 b - 2 scrolls of enchant armour {unknown}
 k - 3 scrolls of identify
 z - 2 scrolls of enchant weapon {unknown}
 A - a scroll of teleportation
 B - 4 scrolls of remove curse {unknown}
 E - a scroll of fear {unknown}
Potions
 d - a potion of agility
 h - 3 potions of might {unknown}
 m - a potion of resistance {unknown}
 n - 5 potions of heal wounds {unknown}
 o - 3 potions of curing {unknown}
 s - 2 potions of ambrosia {unknown}
 v - 2 potions of lignification {unknown}
Comestibles
 c - 7 bread rations
 g - 4 meat rations


   Skills:
 + Level 4.8 Fighting
 + Level 6.4 Axes
 + Level 0.5(4.0) Maces & Flails
 * Level 6.4 Armour
 * Level 3.6 Dodging
 + Level 2.0 Invocations


You had 6 spell levels left.
You didn't know any spells.

Dungeon Overview and Level Annotations

Branches:
Dungeon (4/15)
 Temple: D:4-7

Altars:
Elyvilon
Okawaru


Innate Abilities, Weirdness & Mutations

You reflexively headbutt those who attack you in melee.
You have a pair of horns on your head.


Message History

Tall's ghost burns you.
You sock tall's ghost!
You destroy tall's ghost!
Lugonu accepts your kill. The ogre hits you with a giant club!
* * * LOW HITPOINT WARNING * * *
You hit the ogre. You headbutt the ogre.
The ogre is moderately wounded.
The ogre hits you but does no damage.
You thump the ogre! You headbutt the ogre.
The ogre is heavily wounded.
The ogre barely misses you. You furiously retaliate!
You headbutt the ogre. You hit the ogre. You headbutt the ogre!
The ogre is almost dead.
The ogre hits you with a giant club!
* * * LOW HITPOINT WARNING * * *
You barely miss the ogre.
The ogre is almost dead.
The ogre hits you with a giant club!
You die...

.. .###### .# #####.###
.....$.##'#+#.......
#..............b..#
#.................#
#$................# ###
#......O..........#....
+.....@................
##......................
......?........)#.......
#######.................
#......รท...###....
######[#+#........
#######.#.#.#####.#
#.......#.#.##.....
#.#######..........


You could see an ogre.

Vanquished Creatures
  A wraith (Ossuary)
  Edmund (D:4)
  Duvessa (D:4)
  The ghost of tall the Poker, an amateur HOCK of Xom (D:4)
  Dowan (D:4)
  Crazy Yiuf (D:3)
  A worker ant (D:4)
  An iguana (D:4)
  2 mummies
  5 adders
  A worm (D:3)
  A dart slug (D:1)
  5 leopard geckos
  3 orcs
  2 giant cockroaches
  8 goblins
  5 hobgoblins
  11 jackals
  6 kobolds
  A quokka (D:3)
  5 bats
  A frilled lizard (D:1)
  2 gnoll skeletons (Ossuary)
  5 kobold skeletons (Ossuary)
  18 orc skeletons (Ossuary)
  10 rats
99 creatures vanquished.

Notes
Turn   | Place    | Note
-------+----------+-------------------------------------------
     0 | Abyss:1  | biehler the Minotaur Abyssal Knight began the quest for the Orb.
     0 | Abyss:1  | Reached XP level 1. HP: 19/19 MP: 1/1
    59 | Abyss:1  | Noticed a ynoxinul
    62 | D:1      | Escaped the Abyss
    84 | D:1      | Reached * piety under Lugonu
    97 | D:1      | Reached XP level 2. HP: 18/27 MP: 2/2
   757 | D:1      | Reached XP level 3. HP: 33/33 MP: 3/3
  1465 | D:2      | Reached XP level 4. HP: 40/40 MP: 4/4
  1524 | D:2      | Reached ** piety under Lugonu
  1860 | D:3      | Found a white marble altar of Elyvilon.
  1934 | D:3      | Found a runed door.
  1938 | D:3      | Noticed Crazy Yiuf
  1946 | D:3      | Killed Crazy Yiuf
  2367 | D:3      | Reached XP level 5. HP: 46/46 MP: 5/5
  2438 | D:3      | Found a faded altar of an unknown god.
  2759 | D:4      | Noticed Dowan
  2760 | D:4      | Noticed Duvessa
  2773 | D:4      | Killed Duvessa
  2785 | D:4      | Killed Dowan
  2785 | D:4      | Reached skill level 5 in Axes
  2785 | D:4      | Reached skill level 5 in Armour
  2785 | D:4      | Reached XP level 6. HP: 11/53 MP: 6/6
  3045 | D:4      | Found an iron altar of Okawaru.
  3075 | D:4      | Found a sand-covered staircase.
  3084 | Ossuary  | Entered an ossuary
  3084 | Ossuary  | Noticed a wraith
  3084 | Ossuary  | Noticed a wraith
  3084 | Ossuary  | Noticed a wraith
  3262 | Ossuary  | Noticed a wraith
  3290 | Ossuary  | Killed a wraith
  3666 | D:4      | Noticed Edmund
  3689 | D:4      | Reached XP level 7. HP: 23/60 MP: 7/7
  3709 | D:4      | Killed Edmund
  4005 | D:4      | Noticed tall's ghost (amateur HOCK)
  4016 | D:4      | Killed tall's ghost
  4020 | D:4      | Slain by an ogre

Skill      XL: |  1  2  3  4  5  6  7 |
---------------+----------------------+-----
Invocations    | 2 |  2.0
Fighting       | 4 |  4.8
Armour         | 3 5 6 |  6.4
Axes           | 3 4 5 6 |  6.4
Dodging        | 2 3 |  3.6
Maces & Flails | |  0.5

Action                   |  1- 3 |  4- 6 |  7- 9 || total
-------------------------+-------+-------+-------++-------
Melee: Hand axe          |   100 |   149 |    23 ||   272
       Headbutt          |     4 |    24 |     9 ||    37
       Flail             |       |       |    12 ||    12
Invok: Depart the Abyss  |     1 |       |       ||     1
  Use: Scroll            |     3 |     2 |       ||     5
       Potion            |     1 |     1 |       ||     2
 Stab: Sleeping          |     1 |       |       ||     1
  Eat: Chunk             |     2 |     5 |       ||     7
       Royal jelly       |       |     1 |       ||     1
Armor: Leather armour    |    23 |       |       ||    23
       Scale mail        |    24 |    55 |     7 ||    86
       Chain mail        |       |       |     4 ||     4
Dodge: Dodged            |    67 |    65 |    12 ||   144
